 Dungeon Crawl Stone Soup version 0.31-a0-1591-g515db51633 (webtiles) character file.

Game seed: 717212296811763314

63 BigPumpCobain the Ruffian (level 3, -2/33 HPs)
             Began as a Troll Shapeshifter on Jan 6, 2024.
             Slain by Crazy Yiuf
             ... wielding a +4 quarterstaff of chaos
              (9 damage)
             ... on level 2 of the Dungeon.
             The game lasted 00:01:54 (1594 turns).

BigPumpCobain the Ruffian (Troll Shapeshifter)      Turns: 1594, Time: 00:01:55

Health: -2/33      AC:  5    Str: 24    XL:     3   Next: 89%
Magic:  11/11      EV:  9    Int:  6    God:
Gold:   104        SH:  0    Dex:  9    Spells: 2/2 levels left

rFire   . .          .
                       - Unarmed
rCold   . . .        (no shield)
rNeg    . . .        a - +1 animal skin
rPois   .            (helmet currently unavailable)
rElec   .            (cloak currently unavailable)
rCorr   .            (gloves unavailable)
SInv    .            (boots unavailable)
Will    .....        (no amulet)
Stlth   +            i - ring of magical power
HPRegen 1.05/turn    (no ring)
MPRegen 0.12/turn

%: no passive effects
@: beast-form
A: beast (slay +2), large, unfitting armour, claws 3, regeneration 1, shaggy fur
1, tough skin 1
a: Begin Untransformation


You were on level 2 of the Dungeon.
You were a hulking beast.
You visited 1 branch of the dungeon, and saw 2 of its levels.

You collected 104 gold pieces.

Inventory:

Armour
 a - a +1 animal skin (worn)
Jewellery
 i - a ring of magical power (left claw)
 n - a ring of flight
Talismans
 c - a beast talisman
 d - a flux talisman
Scrolls
 j - a scroll of teleportation
 k - a scroll of immolation
 o - a scroll of enchant armour
Potions
 b - 2 potions of lignification
 f - a potion of enlightenment {unknown}
 g - a potion of curing {unknown}
 m - 2 potions of heal wounds {unknown}
 p - a potion of haste {unknown}
 q - a potion of invisibility {unknown}
 r - a potion of magic {unknown}


   Skills:
 + Level 1.4 Fighting
 - Level 1.5 Dodging
 * Level 3.8 Unarmed Combat
 * Level 3.7 Shapeshifting


You had 2 spell levels left.
You didn't know any spells.
Your spell library was empty.

Dungeon Overview and Level Annotations

Branches:
Dungeon (2/15)

Altars:

Annotations:
D:2 Crazy Yiuf


Innate Abilities, Weirdness & Mutations

You are a hulking beast.
Your limbs bulge with bestial killing power. (Slay +2)
You are too large for most types of armour.
You have claws for hands.
Your natural rate of healing is unusually fast.
You are covered in fur. (AC +1)
You have tough skin. (AC +1)


Message History

r - an orange potion
As you read the scroll labelled FIOTIS GOKUISK, it crumbles to dust.
It is a scroll of enchant armour.
Your +0 animal skin glows green for a moment.
As you read the scroll labelled FEWOITI PAGG, it crumbles to dust.
You feel strangely unstable.
It was a scroll of teleportation.
The air fills with toxic fumes!
As you read the scroll labelled ELICYBB VEATYTU, it crumbles to dust.
It was a scroll of poison.
As you read the scroll labelled GUDGHY XOSIAK, it crumbles to dust.
It is a scroll of identify.
k - a scroll of immolation
Okay, then.
Blink to where?
Press: ? - help, Dir - move target, f - you
Okay, then.
As you read the scroll labelled CON TYHAAKUA, it crumbles to dust.
It was a scroll of blinking.
You start waiting.
Your surroundings suddenly seem different.
You see here a +0 whip.
You see here a +0 war axe of electrocution.
Found a hammer.
Found a runed translucent door.
Crazy Yiuf cries, "Sif Muna spinner hand!"
There is an open door here.
Crazy Yiuf shouts!
You open the door. You barely miss Crazy Yiuf.
Crazy Yiuf hits you with a +4 quarterstaff of chaos!
You closely miss Crazy Yiuf.
Crazy Yiuf grits, "Goldfish!"
Crazy Yiuf hits you with a +4 quarterstaff of chaos!
Crazy Yiuf burns you.
* * * LOW HITPOINT WARNING * * *
You barely miss Crazy Yiuf.
Crazy Yiuf zaps a wand.
The puff of flame hits you.
* * * LOW HITPOINT WARNING * * *
You claw Crazy Yiuf!
Crazy Yiuf is almost dead.
Crazy Yiuf hits you with a +4 quarterstaff of chaos!
You die...

.#.####.#.# ##....###..#....##..
...# #....# #....# #.......##..
.#####..#### ♣.♣..♣ #...........
...........# ♣♣...♣ #.......##.#
.#####..#### ♣♣.♣♣ #......##...
.##........# ♣♣.♣ #.####.##..#
.##........# ♣.♣♣ #......##..#
.##........# ♣♣.♣ #...........
.#####.....# ♣h♣♣ #.#..#.##.#.
.####......# #g# #.##......#.
...........# ... #.......###.
#####.#.#### #...# #....#>.....
#####.#.#### #)..# #....######.
...........# ##### #....# #.
#..##.#.#### #....## #.
#..##.#....###########.....# #.
...##)#####.##.#.#.#.......#####.


You could see Crazy Yiuf.

Vanquished Creatures
  An adder (D:2)
  2 dart slugs
  3 orcs (D:2)
  5 bats
  3 endoplasms
  4 giant cockroaches
  4 goblins
  5 hobgoblins
  3 jackals (D:1)
  3 kobolds
  A quokka (D:1)
  2 ball pythons
  A frilled lizard (D:2)
  4 rats
41 creatures vanquished.

Notes
Turn   | Place    | Note
-------+----------+-------------------------------------------
     0 | D:1      | BigPumpCobain the Troll Shapeshifter began the quest for
                  | the Orb.
     0 | D:1      | Reached XP level 1. HP: 18/18 MP: 0/0
    69 | D:1      | Reached skill level 1 in Fighting
    87 | D:1      | Reached XP level 2. HP: 26/27 MP: 1/1
   671 | D:1      | Reached XP level 3. HP: 33/33 MP: 2/2
  1392 | D:2      | Found a runed translucent door.
  1393 | D:2      | Noticed Crazy Yiuf
  1594 | D:2      | Slain by Crazy Yiuf

Illustrated notes

Levels and vault maps discovered:
D:1:      amcnicky_arrival_flooded_fountain, layout_loops_ring,
          hangedman_decor_push, serial_bayou_pond_c, grunt_decor_junction,
          minmay_pentomino_r2
D:2:      layout_basic, minivault_27, uniq_crazy_yiuf_cottage

Skill      XL: |  1 |
---------------+----+-----
Fighting       | 1 |  1.4
Dodging        | |  1.5
Unarmed Combat | |  3.8
Shapeshifting  | |  3.7

Action                     || total
---------------------------++-------
  Melee: Unarmed           ||    95
    Use: Scroll            ||     5
   Stab: Sleeping          ||     1
 Armour: Animal skin       ||    53
  Dodge: Dodged            ||    39

Table legend: (Time is in decaauts)
 A = Elapsed time spent in this place.
 B = Non-inter-level travel time spent in this place.
 C = Inter-level travel time spent in this place.
 D = Time resting spent in this place.
 E = Time spent auto-exploring this place.
 F = Levels seen in this place.
 G = Mean time per level.
                   A        B        C        D        E       F      G
               +--------+--------+--------+--------+--------+-----+--------+
         Total |   1586 |   1575 |     11 |      0 |   1326 |   2 |  793.0 |
       Dungeon |   1586 |   1575 |     11 |      0 |   1326 |   2 |  793.0 |
               +--------+--------+--------+--------+--------+-----+--------+

Top non-repeatable levels by time:
     D:2: 821 daAuts
     D:1: 765 daAuts
